 Dungeon Crawl Stone Soup version 0.25-a0-189-gf71692caf1 (webtiles) character file.

Game seed: 4532849184437447407, levelgen mode: deterministic

6290 sankara the Severer (level 10, -15/86 HPs)
             Began as a Hill Orc Fighter on Nov 29, 2019.
             Was a Priest of Makhleb.
             Demolished by a two-headed ogre
             ... wielding a cursed +0 giant spiked club
              (17 damage)
             ... on level 9 of the Dungeon.
             The game lasted 00:36:25 (10846 turns).

sankara the Severer (Hill Orc Fighter)             Turns: 10846, Time: 00:36:26

Health: -15/86     AC: 15    Str: 23    XL:     10   Next: 94%
Magic:  14/14      EV:  7    Int:  8    God:    Makhleb [***...]
Gold:   424        SH: 12    Dex: 10    Spells: 9/9 levels left

rFire    . . .     SeeInvis .   a - +0 war axe
rCold    + . .     Gourm    .   c - +0 shield
rNeg     + . .     Faith    .   A - +0 chain mail
rPois    .         Spirit   .   (no helmet)
rElec    .         Reflect  .   I - +2 cloak
rCorr    .         Harm     .   D - +2 pair of gloves
MR       .....                  (no boots)
Stlth    ..........             K - amulet of rage {+Rage, !d}
HPRegen  0.24/turn              w - ring of positive energy {rN+}
MPRegen  0.14/turn              F - ring of protection from cold {rC+, !d}

@: lethally poisoned (-15 -> -16)
A: no striking features
a: Minor Destruction, Lesser Servant of Makhleb, Renounce Religion, Evoke
Berserk Rage


You were on level 9 of the Dungeon.
You worshipped Makhleb.
Makhleb was most pleased with you.
You were hungry.

You visited 2 branches of the dungeon, and saw 10 of its levels.
You also visited: Sewer and Ossuary.

You collected 424 gold pieces.

Inventory:

Hand Weapons
 a - a +0 war axe (weapon)
 h - a cursed +0 hunting sling
   (You found it on level 1 of the Dungeon)
 y - a +0 whip of pain
   (You took it off a kobold in a sewer)
 B - a +2 flail of draining
   (You took it off Terence on level 3 of the Dungeon)
 M - a +2 trident
   (You took it off a wight on level 9 of the Dungeon)
 W - a +4 battleaxe
   (You took it off a wight on level 7 of the Dungeon)
Missiles
 g - 62 sling bullets
 j - 196 stones (quivered)
 v - 2 throwing nets {=f, !d}
 z - 26 poisoned darts
 N - 8 boomerangs
Armour
 c - a +0 shield (worn)
 A - a +0 chain mail (worn)
   (You took it off an orc on level 3 of the Dungeon)
 D - a +2 pair of gloves (worn)
   (You found it on level 5 of the Dungeon)
 I - a +2 cloak (worn)
   (You found it on level 5 of the Dungeon)
 O - a scarf of repulsion
   (You found it on level 6 of the Dungeon)
 R - a scarf of cloud immunity
   (You found it on level 7 of the Dungeon)
Jewellery
 u - a +4 ring of intelligence
   (You found it on level 8 of the Dungeon)
 w - a ring of positive energy (left hand) {rN+}
   (You found it on level 3 of the Dungeon)
 F - a ring of protection from cold (right hand) {rC+, !d}
   (You found it on level 5 of the Dungeon)
 H - an uncursed ring of teleportation {+/*tele, !d}
   (You found it on level 5 of the Dungeon)
 K - an amulet of rage (around neck) {+Rage, !d}
   (You found it on level 6 of the Dungeon)
 L - an uncursed ring of positive energy {rN+}
   (You found it on level 6 of the Dungeon)
 P - an uncursed ring of wizardry {Wiz+, !d}
   (You found it on level 7 of the Dungeon)
Wands
 n - a wand of digging (4)
   (You found it on level 2 of the Dungeon)
 r - a wand of iceblast (8)
   (You found it on level 8 of the Dungeon)
 X - a wand of acid (19)
   (You took it off a wight on level 7 of the Dungeon)
 Z - a wand of disintegration (14)
   (You found it on level 7 of the Dungeon)
Scrolls
 e - 8 scrolls of teleportation
 m - 7 scrolls of remove curse
 p - 3 scrolls of blinking {!r}
 s - 6 scrolls of magic mapping {!r}
 C - 3 scrolls of amnesia {unknown}
 G - a scroll of random uselessness {unknown}
 J - 3 scrolls of fog {unknown}
 Q - a scroll of enchant weapon {unknown}
 U - 3 scrolls of enchant armour {unknown}
 Y - a scroll of holy word {unknown}
Potions
 b - 6 potions of curing
 d - a potion of might
 k - a potion of mutation {unknown}
 l - 2 potions of cancellation {unknown}
 o - a potion of experience {unknown}
 q - 3 potions of heal wounds
 t - 2 potions of magic {unknown}
 x - 3 potions of brilliance
 E - 2 potions of ambrosia {unknown}
 S - a potion of lignification {unknown}
 T - a potion of flight {unknown}
 V - a potion of haste
Comestibles
 f - 23 rations
 i - 6 chunks of flesh {@w0}


   Skills:
 - Level 7.0 Fighting
 * Level 15.1 Axes
 - Level 3.2 Armour
 + Level 9.9 Shields
 - Level 5.3 Invocations


You had 9 spell levels left.
You didn't know any spells.
Your spell library contained the following spells:

 Spells                   Type           Power        Failure   Level  Hunger
 Confusing Touch          Hex            #.....       100%        1    ##.....
 Confuse                  Hex            #.......     100%        3    ####...
 Gell's Gravitas          Tloc           #.........   100%        3    ####...
 Petrify                  Tmut/Erth      #.......     100%        4    #####..
 Metabolic Englaciation   Hex/Ice        #.........   100%        5    ######.
 Yara's Violent Unravell  Hex/Tmut       #.........   100%        5    ######.


Dungeon Overview and Level Annotations

Branches:
Dungeon (9/15)             Temple (1/1) D:6           Sewer (visited)
Ossuary (visited)
   Lair: D:8-11         Orc: D:9-12

Altars:
Ashenzari
Cheibriados
Dithmenos
Elyvilon
Fedhas
Gozag
Hepliaklqana
Kikubaaqudgha
Makhleb
Nemelex Xobeh
Okawaru
Qazlal
Ru
Sif Muna
Trog
Uskayaw
Vehumet
Xom
Yredelemnul
Zin
The Shining One


Message History

The centaur shoots an arrow.
The arrow barely misses you.
You slash the big kobold!
The big kobold is severely wounded.
You barely miss the kobold. You closely miss the kobold.
Your chain mail prevents you from hitting the shadow imp.
You feel sick. You block the big kobold's attack.
You block the kobold's attack. The shadow imp gestures at you.
You struggle to resist.
The kobold hits you with a +0 club.
You slice the big kobold!!
You kill the big kobold!
Makhleb accepts your kill.
You feel better.
Your life force feels restored.
Your shield prevents you from hitting the shadow imp.
You slash the kobold!
You kill the kobold!
Makhleb accepts your kill.
You feel better.
You closely miss the kobold. You hit the kobold.
You feel sick.
The centaur shoots an arrow.
You block the arrow. You block the kobold's attack.
The shadow imp hits you but does no damage.
You slice the kobold!!
You kill the kobold!
Makhleb accepts your kill.
You feel better.
You hit the kobold. You hit the shadow imp.
The centaur shoots an arrow.
You block the arrow. You block the kobold's attack.
You slash the kobold!
You kill the kobold!
Makhleb accepts your kill.
You feel better.
You slash the shadow imp!
You kill the shadow imp!
Makhleb accepts your kill.
You feel sick.
The centaur shoots an arrow.
You block the arrow.
The crimson imp blinks!
You closely miss the centaur. You slash the two-headed ogre!
The two-headed ogre is moderately wounded.
You feel sick.
You hit the two-headed ogre.
The two-headed ogre is moderately wounded.
You slash the centaur! The centaur barely misses you.
The two-headed ogre hits you with a cursed +0 giant spiked club!
You block the two-headed ogre's attack.
You are too injured to fight recklessly!
You are too injured to fight recklessly!
You are too injured to fight recklessly!
Your chain mail prevents you from hitting the centaur.
The centaur is heavily wounded.
You barely miss the two-headed ogre.
The centaur hits you but does no damage.
You barely miss the centaur.
The centaur is heavily wounded.
You barely miss the two-headed ogre.
You feel sick. You block the centaur's attack.
You block the two-headed ogre's attack.
The two-headed ogre hits you with a +0 giant spiked club!
Your shield and chain mail prevent you from hitting the two-headed ogre.
The two-headed ogre is moderately wounded.
Your chain mail prevents you from hitting the centaur.
The centaur hits you with a cursed -1 shortbow. x2
You hit the two-headed ogre.
The two-headed ogre is moderately wounded.
You completely miss the crimson imp. You hit the centaur.
You feel sick. You block the two-headed ogre's attack.
The two-headed ogre hits you with a +0 giant spiked club!!
The centaur hits you but does no damage.
The crimson imp hits you but does no damage.
Your shield and chain mail prevent you from hitting the two-headed ogre.
The two-headed ogre is moderately wounded.
You slash the crimson imp! You hit the centaur but do no damage.
You block the centaur's attack. You block the two-headed ogre's attack.
The two-headed ogre hits you with a +0 giant spiked club.
* * * LOW HITPOINT WARNING * * *
The crimson imp hits you but does no damage.
You are feeling hungry.
You slash the two-headed ogre!
The two-headed ogre is heavily wounded.
You hit the centaur but do no damage. You closely miss the crimson imp.
The centaur hits you with a cursed -1 shortbow!
* * * LOW HITPOINT WARNING * * *
You hit the two-headed ogre.
The two-headed ogre is heavily wounded.
You slash the crimson imp!
You kill the crimson imp!
Makhleb accepts your kill.
You hit the centaur but do no damage.
The centaur hits you but does no damage.
The two-headed ogre hits you with a cursed +0 giant spiked club!
* * * LOW HITPOINT WARNING * * *
The two-headed ogre hits you with a +0 giant spiked club.
* * * LOW HITPOINT WARNING * * *
You slash the two-headed ogre!
The two-headed ogre is severely wounded.
You hit the centaur.
* * * LOW HITPOINT WARNING * * *
You feel sick.
The centaur hits you but does no damage.
The two-headed ogre hits you with a cursed +0 giant spiked club!
You die...

#..######
#########.........
........†.........
............######
#########...#######
........((.......
.....(...(.......
......(...c......
###......@O......
#.....)†)......
#..............
#..............
...............
...........(...
...............
############### #


You could see a two-headed ogre and a centaur.

Vanquished Creatures
  An unseen horror (D:9)
  A guardian serpent (D:9)
  A gargoyle (D:7)
  3 hornets (D:8)
  A hippogriff (D:9)
  A hungry ghost (D:7)
  Menkaure (D:4)
  Duvessa (D:6)
  A black bear (D:9)
  2 sky beasts (D:9)
  2 ice beasts
  A phantom (D:8)
  An ogre (D:8)
  4 centaurs
  A big kobold (D:9)
  6 bullfrogs
  Dowan (D:6)
  A water moccasin zombie (D:9)
  2 scorpions
  A water moccasin skeleton (D:8)
  A wyvern skeleton (D:9)
  13 wights
  2 vampire bats (D:8)
  3 howler monkeys (D:8)
  4 crimson imps
  3 centaur zombies (Ossuary)
  3 bullfrog zombies (Ossuary)
  A bullfrog skeleton (D:6)
  A jelly (D:8)
  Crazy Yiuf (D:6)
  3 orc priests
  2 hounds
  4 orc wizards
  Terence (D:3)
  An iguana (D:4)
  4 worker ants
  3 killer bee zombies
  2 hound zombies (Ossuary)
  A hound skeleton (D:7)
  14 mummies (Ossuary)
  A worker ant zombie (Ossuary)
  5 adders
  15 gnolls
  A shadow imp (D:9)
  An ooze (D:3)
  An adder zombie (Ossuary)
  4 worms
  A dart slug (D:1)
  6 leopard geckos
  27 orcs
  10 bats
  2 bat skeletons (D:8)
  4 bat zombies (D:8)
  5 giant cockroaches
  2 gnoll zombies (D:9)
  4 hobgoblins
  23 jackals
  19 kobolds
  3 quokkas
  5 ball pythons
  A ball python zombie (Ossuary)
  10 frilled lizards
  A giant cockroach zombie (Ossuary)
  7 goblins
  A jackal skeleton (D:8)
  A jackal zombie (Ossuary)
  A leopard gecko skeleton (D:7)
  A quokka skeleton (D:6)
  A quokka zombie (D:7)
  12 rats
  6 plants (Sewer)
281 creatures vanquished.

Vanquished Creatures (others)
  A hornet (D:9)
  An orc warrior (D:9)
  A bullfrog (D:9)
  A killer bee (D:9)
  A bullfrog skeleton (D:9)
  A worker ant zombie (D:9)
  An orc (D:9)
  A quokka (D:9)
  2 withered plants (Ossuary)
10 creatures vanquished.

Grand Total: 291 creatures vanquished

Notes
Turn   | Place    | Note
-------+----------+-------------------------------------------
     0 | D:1      | sankara the Hill Orc Fighter began the quest for the Orb.
     0 | D:1      | Reached XP level 1. HP: 19/19 MP: 1/1
   132 | D:1      | Reached skill level 3 in Axes
   171 | D:1      | Reached XP level 2. HP: 24/26 MP: 2/2
   696 | D:1      | Reached skill level 4 in Axes
   818 | D:1      | Reached XP level 3. HP: 31/31 MP: 3/3
   935 | D:2      | Found a glowing golden altar of the Shining One.
  1347 | D:2      | Reached skill level 4 in Shields
  1347 | D:2      | Reached XP level 4. HP: 21/39 MP: 4/4
  1353 | D:2      | Reached skill level 5 in Axes
  1985 | D:3      | Reached XP level 5. HP: 34/45 MP: 5/5
  2023 | D:3      | Reached skill level 6 in Axes
  2121 | D:3      | Found a glowing drain.
  2156 | Sewer    | Entered a sewer
  2505 | Sewer    | Reached XP level 6. HP: 50/51 MP: 6/6
  2913 | D:3      | Found a shadowy altar of Dithmenos.
  3128 | D:3      | Reached skill level 7 in Axes
  3128 | D:3      | Reached skill level 5 in Shields
  3220 | D:3      | Noticed Terence
  3229 | D:3      | Killed Terence
  3248 | D:3      | Noticed a moth of wrath
  3251 | D:3      | Found a bloodstained altar of Trog.
  4031 | D:4      | Noticed Menkaure
  4040 | D:4      | Killed Menkaure
  4040 | D:4      | Reached skill level 8 in Axes
  4040 | D:4      | Reached XP level 7. HP: 32/57 MP: 7/7
  4372 | D:4      | Reached skill level 9 in Axes
  4443 | D:4      | Reached skill level 6 in Shields
  4884 | D:5      | Entered Level 5 of the Dungeon
  4992 | D:5      | Reached skill level 4 in Fighting
  5072 | D:5      | You fall into a shaft and drop 1 floor!
  5884 | D:6      | Reached XP level 8. HP: 64/66 MP: 8/8
  6059 | D:6      | Noticed Duvessa
  6059 | D:6      | Noticed Dowan
  6066 | D:6      | Killed Duvessa
  6071 | D:6      | Reached skill level 10 in Axes
  6074 | D:6      | Killed Dowan
  6274 | D:6      | Reached skill level 5 in Fighting
  6544 | D:6      | Found a stormy altar of Qazlal.
  6544 | D:6      | Found a radiant altar of Vehumet.
  6821 | D:6      | Found a staircase to the Ecumenical Temple.
  6839 | Temple   | Entered the Ecumenical Temple
  6872 | Temple   | Became a worshipper of Makhleb the Destroyer
  7090 | D:6      | Found a runed translucent door.
  7091 | D:6      | Noticed Crazy Yiuf
  7136 | D:6      | Found a hazy altar of Hepliaklqana.
  7297 | D:6      | Killed Crazy Yiuf
  7297 | D:6      | Reached skill level 7 in Shields
  7467 | D:7      | Reached skill level 11 in Axes
  7559 | D:7      | Noticed a gargoyle
  7563 | D:7      | Killed a gargoyle
  7563 | D:7      | Reached skill level 6 in Fighting
  7563 | D:7      | Reached XP level 9. HP: 75/75 MP: 9/9
  7599 | D:7      | Found a sand-covered staircase.
  7642 | D:7      | Reached * piety under Makhleb
  7653 | D:7      | Reached skill level 12 in Axes
  7690 | Ossuary  | Entered an ossuary
  7809 | Ossuary  | Reached skill level 8 in Shields
  8030 | Ossuary  | Reached ** piety under Makhleb
  8102 | Ossuary  | Reached skill level 7 in Fighting
  8281 | D:7      | Reached skill level 1 in Invocations
  8309 | D:7      | Reached skill level 13 in Axes
  8689 | D:7      | Reached skill level 2 in Invocations
  8832 | D:8      | Reached XP level 10. HP: 77/86 MP: 11/11
  8906 | D:8      | Found a radiant altar of Vehumet.
  9079 | D:8      | Reached skill level 3 in Invocations
  9171 | D:8      | Paralysed by a hornet for 3 turns
  9183 | D:8      | HP: 21/86 [poisoned by a hornet]
  9188 | D:8      | HP: 17/86 [poisoned by a hornet]
  9194 | D:8      | HP: 14/86 [poisoned by a hornet]
  9201 | D:8      | HP: 13/86 [poisoned by a hornet]
  9208 | D:8      | HP: 13/86 [poisoned by a hornet]
  9216 | D:8      | HP: 13/86 [poisoned by a hornet]
  9565 | D:8      | Reached skill level 9 in Shields
  9891 | D:8      | Reached skill level 4 in Invocations
 10152 | D:8      | Found an ancient bone altar of Kikubaaqudgha.
 10271 | D:9      | Reached skill level 14 in Axes
 10294 | D:9      | Noticed a guardian serpent
 10305 | D:9      | Killed a guardian serpent
 10381 | D:9      | Killed an unseen horror
 10381 | D:9      | Reached skill level 5 in Invocations
 10708 | D:9      | Reached *** piety under Makhleb
 10723 | D:9      | Found a shimmering altar of Xom.
 10748 | D:9      | Found a basalt altar of Yredelemnul.
 10819 | D:9      | Reached skill level 15 in Axes
 10828 | D:9      | Noticed a two-headed ogre
 10844 | D:9      | HP: 15/86 [centaur/cursed -1 shortbow (7)]
 10845 | D:9      | HP: 3/86 [two-headed ogre/cursed +0 giant spiked club (6)]
 10846 | D:9      | Demolished by a two-headed ogre

Levels and vault maps discovered:
D:1:      dpeg_arrival_pits, layout_loops_corners
D:2:      layout_loops_ring, nicolae_overflow_crystal_walls, minmay_crystal_room
D:3:      layout_loops_corners, tgw_trog, nicolae_dithmenos_shadow_blocks,
          portal_sewer_entry_f, uniq_terence
D:4:      cheibrodos_quashed, layout_cave_pools, hex_medium, uniq_menkaure
D:5:      layout_basic, first_ration
D:6:      layout_basic, overflow_temple_1_default,
          gammafunk_temple_overflow_wave, minmay_temple_entry_offerings,
          st_stairs_7, uniq_crazy_yiuf_cottage, uniq_duvessa
D:7:      layout_loops_cross, nicolae_ossuary_entry_false_entrances
D:8:      layout_basic, kennysheep_vampire_church, basic_altar,
          hangedman_pestilent_swarm, due_unseen_surprise
D:9:      layout_long_grid, xom_confusion_cloud, marbit_many_paths,
          lemuel_zombie_altar_yredelemnul, nrook_guardian_serpent_ordinary
Temple:   minmay_temple_bridge_abc

Skill      XL: |  1  2  3  4  5  6  7  8  9 10 |
---------------+-------------------------------+-----
Axes           | 3 4 5 6 8 9 11 13 15 | 15.1
Shields        | 4 5 6 7 8 9 |  9.9
Fighting       | 4 6 7 |  7.0
Invocations    | 2 5 |  5.3
Armour         | |  3.2

Action                   |  1- 3 |  4- 6 |  7- 9 | 10-12 || total
-------------------------+-------+-------+-------+-------++-------
Melee: War axe           |   115 |   314 |   520 |   225 ||  1174
Throw: Stone             |       |       |     1 |       ||     1
Invok: Minor Destruction |       |       |     6 |     5 ||    11
 Abil: Evoke Berserk Rag |       |       |       |     3 ||     3
  Use: Potion            |       |     1 |     2 |     1 ||     4
       Scroll            |       |       |     3 |     5 ||     8
  Eat: Chunk             |     1 |    10 |    20 |    11 ||    42
Armor: Scale mail        |    54 |    53 |       |       ||   107
       Chain mail        |       |    33 |   234 |   111 ||   378
Dodge: Dodged            |    53 |    73 |    92 |    62 ||   280
Block: Shield            |    56 |   145 |   277 |   121 ||   599

Table legend:
 A = Non-vault XP
 B = Vault XP
 C = Vault XP percentage of total XP
 D = Non-vault monster count
 E = Vault monster count
 F = Vault count percentage of total count
                 A         B        C        D         E       F
            +---------+---------+-------+---------+---------+-------
      Total |    6039 |    2948 |  32.8 |     192 |      83 |  30.2
            +---------+---------+-------+---------+---------+-------
        D:1 |      38 |       0 |   0.0 |      24 |       0 |   0.0
        D:2 |      76 |       0 |   0.0 |      18 |       0 |   0.0
        D:3 |     322 |      62 |  16.1 |      36 |      11 |  23.4
        D:4 |     257 |     175 |  40.5 |       5 |       1 |  16.7
        D:5 |     167 |       0 |   0.0 |       7 |       0 |   0.0
        D:6 |     495 |     266 |  35.0 |      27 |       3 |  10.0
        D:7 |    1765 |       0 |   0.0 |      37 |       0 |   0.0
        D:8 |     727 |     987 |  57.6 |      12 |      12 |  50.0
        D:9 |    2192 |     618 |  22.0 |      26 |       5 |  16.1
      Sewer |       0 |      57 | 100.0 |       0 |      23 | 100.0
    Ossuary |       0 |     783 | 100.0 |       0 |      28 | 100.0
            +---------+---------+-------+---------+---------+-------

Levels and vault maps discovered:
D:1:      dpeg_arrival_pits, layout_loops_corners
D:2:      layout_loops_ring, nicolae_overflow_crystal_walls, minmay_crystal_room
D:3:      layout_loops_corners, tgw_trog, nicolae_dithmenos_shadow_blocks,
          portal_sewer_entry_f, uniq_terence
D:4:      cheibrodos_quashed, layout_cave_pools, hex_medium, uniq_menkaure
D:5:      layout_basic, first_ration
D:6:      layout_basic, overflow_temple_1_default,
          gammafunk_temple_overflow_wave, minmay_temple_entry_offerings,
          st_stairs_7, uniq_crazy_yiuf_cottage, uniq_duvessa
D:7:      layout_loops_cross, nicolae_ossuary_entry_false_entrances
D:8:      layout_basic, kennysheep_vampire_church, basic_altar,
          hangedman_pestilent_swarm, due_unseen_surprise
D:9:      layout_long_grid, xom_confusion_cloud, marbit_many_paths,
          lemuel_zombie_altar_yredelemnul, nrook_guardian_serpent_ordinary
Temple:   minmay_temple_bridge_abc

Table legend:
 A = Turns spent in this place as a percentage of turns spent in the entire game.
 B = Non-inter-level travel turns spent in this place as a percentage of non-inter-level travel turns spent in the entire game.
 C = Inter-level travel turns spent in this place as a percentage of turns spent in this place.
 D = Turns resting spent in this place as a percentage of non-inter-level travel turns spent in this place.
 E = Turns spent auto-exploring this place as a percentage of non-inter-level travel turns spent in this place.
 F = Non-inter-level travel turns spent in this place divided by the number of levels of this place that you've seen.
                   A       B       C       D       E      F
               +-------+-------+-------+-------+-------+----------------------
         Total | 100.0 | 100.0 |   3.8 |  22.2 |  53.2 | 869.2
       Dungeon |  88.3 |  88.1 |   4.1 |  23.5 |  53.9 | 1020.7
        Temple |   0.5 |   0.3 |  37.5 |   0.0 |  65.7 |  35.0
         Sewer |   6.8 |   7.1 |   0.0 |   4.0 |  60.3 | 741.0
       Ossuary |   4.3 |   4.5 |   0.0 |  28.2 |  27.1 | 468.0
               +-------+-------+-------+-------+-------+----------------------

Table legend:
 A = Kills in this place as a percentage of kills in entire the game.
 B = Kills by you in this place as a percentage of kills by you in the entire game.
 C = Kills by friends in this place as a percentage of kills by friends in the entire game.
 D = Other kills in this place as a percentage of other kills in the entire game.
 E = Experience gained in this place as a percentage of experience gained in the entire game.
 F = Experience gained in this place divided by the number of levels of this place that you have seen.
                   A       B       C       D       E      F
               +-------+-------+-------+-------+-------+----------------------
         Total | 100.0 | 100.0 |   N/A |   N/A | 100.0 | 748.9
       Dungeon |  81.5 |  81.5 |   N/A |   N/A |  90.7 | 905.2
         Sewer |   8.4 |   8.4 |   N/A |   N/A |   0.6 |  57.0
       Ossuary |  10.2 |  10.2 |   N/A |   N/A |   8.7 | 783.0
               +-------+-------+-------+-------+-------+----------------------
